 Dungeon Crawl Stone Soup version 0.29.1-2-gbd0b4ee654 (webtiles) character file.

Game seed: 14077542749819670569

15 funnyparkerb the Shield-Bearer (level 2, 0/19 HPs)
             Began as a Gargoyle Fighter on Nov 1, 2022.
             Slain by a jackal (2 damage)
             ... on level 1 of the Dungeon.
             The game lasted 00:00:42 (741 turns).

funnyparkerb the Shield-Bearer (Gargoyle Fighter)    Turns: 741, Time: 00:00:43

Health: 0/19       AC:  9    Str: 19    XL:     2   Next: 50%
Magic:  2/2        EV:  9    Int:  8    God:
Gold:   48         SH:  4    Dex:  9    Spells: 1/1 levels left

rFire   . . .      SeeInvis .   a - +0 flail
rCold   . . .      Faith    .   c - +0 buckler
rNeg    + . .      Spirit   .   b - +0 scale mail
rPois   ∞          Reflect  .   (no helmet)
rElec   +          Harm     .   (no cloak)
rCorr   +          Rampage  .   (no gloves)
Will    .....                   (no boots)
Stlth   ..........              (no amulet)
HPRegen 0.06/turn               g - ring of resist corrosion
MPRegen 0.08/turn               (no ring)

@: no status effects
A: sickness immunity, AC +2, negative energy resistance 1, electricity
resistance, torment resistance 1, petrification resistance
a: no special abilities


You were on level 1 of the Dungeon.
You visited 1 branch of the dungeon, and saw 1 of its levels.

You collected 48 gold pieces.

Inventory:

Hand Weapons
 a - a +0 flail (weapon)
Armour
 b - a +0 scale mail (worn)
 c - a +0 buckler (worn)
Jewellery
 g - a ring of resist corrosion (left hand)
Scrolls
 f - a scroll of identify {unknown}
 h - a scroll of brand weapon {unknown}
 i - a scroll of noise {unknown}
Potions
 d - a potion of might
 e - a potion of haste {unknown}
 j - a potion of brilliance {unknown}
 k - a potion of heal wounds {unknown}


   Skills:
 - Level 3.2 Fighting
 + Level 3.0 Maces & Flails
 - Level 3.2 Armour
 - Level 3.2 Shields


You had one spell level left.
You didn't know any spells.
Your spell library was empty.

Dungeon Overview and Level Annotations

Branches:
Dungeon (1/15)

Altars:


Innate Abilities, Weirdness & Mutations

You are immune to sickness and miasma.
Your stone body is resilient. (AC +2)
You are immune to poison.
You resist negative energy. (rN+)
You are resistant to electric shocks. (rElec)
You are resistant to unholy torment.
You are immune to petrification.


Message History

You hit the jackal but do no damage.
The jackal bites you but does no damage. x3
The jackal barely misses you.
You barely miss the jackal. The jackal barely misses you.
You block the jackal's attack. The jackal barely misses you.
You barely miss the jackal. The jackal barely misses you.
The jackal bites you but does no damage. x2
The jackal bites you.
You closely miss the jackal. The jackal barely misses you.
The jackal closely misses you.
You closely miss the jackal.
The jackal bites you but does no damage.
You block the jackal's attack.
You closely miss the jackal.
The jackal bites you but does no damage.
You barely miss the jackal. The jackal barely misses you. The jackal bites you.
* * * LOW HITPOINT WARNING * * *
You barely miss the jackal.
The jackal bites you but does no damage. x2
You closely miss the jackal.
The jackal bites you but does no damage. x2
You hit the jackal.
The jackal is lightly wounded.
The jackal closely misses you.
The jackal bites you but does no damage.
You barely miss the jackal.
The jackal is lightly wounded.
The jackal barely misses you.
You closely miss the jackal.
The jackal is lightly wounded.
The jackal barely misses you. The jackal bites you.
* * * LOW HITPOINT WARNING * * *
You barely miss the jackal.
The jackal is lightly wounded.
The jackal barely misses you. The jackal bites you.
* * * LOW HITPOINT WARNING * * *
You hit the jackal but do no damage.
The jackal is lightly wounded.
The jackal bites you.
You die...

#.###################...#########
#...# ### ##### ....# ..# ....#
#.# ....# #.# ...## #.##### ....#
#.. ..## ....# #.###..## ....# .
#@#.....# ....# ....####h#.~~~.#
....# #......h..~_~.# ....#
.......#)#.~~~.# #####
##.###.#.#.....# ........####..#
#.###.### #.## ##### #. #.# #....
#. #.# #.###


You could see 2 jackals.

Vanquished Creatures
  5 ball pythons (D:1)
  2 goblins (D:1)
  A hobgoblin (D:1)
  2 jackals (D:1)
  A bat (D:1)
  2 kobolds (D:1)
13 creatures vanquished.

Notes
Turn   | Place    | Note
-------+----------+-------------------------------------------
     0 | D:1      | funnyparkerb the Gargoyle Fighter began the quest for the
                  | Orb.
     0 | D:1      | Reached XP level 1. HP: 14/14 MP: 1/1
   195 | D:1      | Reached XP level 2. HP: 19/19 MP: 2/2
   690 | D:1      | Found a faded altar of an unknown god.
   741 | D:1      | Slain by a jackal

Illustrated notes

Levels and vault maps discovered:
D:1:      elethiomel_arrival_infinity_welcomes_careful_drivers, layout_basic,
          hellmonk_ecumenical_altar_pennies_from_heaven, minivault_5

Skill      XL: |  1  2 |
---------------+-------+-----
Maces & Flails | 3 |  3.0
Fighting       | |  3.2
Armour         | |  3.2
Shields        | |  3.2

Action                   || total
-------------------------++-------
Melee: Flail             ||    50
Armor: Scale mail        ||    37
Dodge: Dodged            ||    43
Block: Buckler           ||     8
